 Dungeon Crawl Stone Soup version 0.28.0 (webtiles) character file.

Game seed: 12085336967149946339

22 ProzacElf the Slasher (level 2, 24/24 HPs)
             Began as a Demonspawn Monk on Feb 14, 2022.
             Was an Initiate of Ru.
             Quit the game on level 1 of the Dungeon.
             The game lasted 00:01:24 (1030 turns).

ProzacElf the Slasher (Demonspawn Monk)             Turns: 1030, Time: 00:01:24

Health: 24/24      AC:  5    Str: 11    XL:     2   Next: 68%
Magic:  2/2        EV: 11    Int: 11    God:    Ru [......]
Gold:   21         SH:  0    Dex: 15    Spells: 1/1 levels left

rFire   . . .      SeeInvis .   a - +0 falchion
rCold   . . .      Faith    .   (no shield)
rNeg    . . .      Spirit   .   g - +0 ring mail
rPois   .          Reflect  .   (no helmet)
rElec   .          Harm     .   (no cloak)
rCorr   .          Rampage  .   (no gloves)
Will    .....                   (no boots)
Stlth   +.........              (no amulet)
HPRegen 0.08/turn               (no ring)
MPRegen 0.08/turn               (no ring)

@: no status effects
A: claws 1
a: Renounce Religion


You were on level 1 of the Dungeon.
You worshipped Ru.
Ru was noncommittal.
You visited 1 branch of the dungeon, and saw 1 of its levels.

You collected 21 gold pieces.

Inventory:

Hand Weapons
 a - a +0 falchion (weapon)
Missiles
 d - 31 stones (quivered)
Armour
 b - a +0 robe
 g - a +0 ring mail (worn)
Scrolls
 c - a scroll of vulnerability {unknown}
 e - a scroll of fog {unknown}
 h - a scroll of identify {unknown}
Potions
 f - 2 potions of berserk rage {unknown}
 i - 2 potions of cancellation {unknown}
 j - a potion of mutation {unknown}
 k - a potion of flight {unknown}


   Skills:
 - Level 3.0 Fighting
 + Level 3.2 Long Blades
 + Level 3.2 Dodging
 - Level 1.7 Stealth


You had one spell level left.
You didn't know any spells.
Your spell library was empty.

Dungeon Overview and Level Annotations

Branches:
Dungeon (1/15)

Altars:
Ru

Shops:
D:1 =


Innate Abilities, Weirdness & Mutations

You have sharp fingernails.


Message History

Health restored: 24 Ye see 'ere a giant cockroach corpse.
d - 31 stones (gain'd 28)
A rat comes inta view.
A ball python comes inta view.
Tha ball python hisses angrily.
Tha ball python bites somethin'.
Tha ball python grabs somethin'.
Tha ball python constricts somethin'.
Tha ball python loses its grip on tha fungus.
A rat comes inta view.
Ye hit tha rat.
Ye kill tha rat!
Ye barely miss tha ball python.
Tha ball python bites ye but does nay damage.
Tha ball python barely misses ye.
Ye closely miss tha ball python.
Tha ball python closely misses ye.
Tha ball python barely misses ye.
Tha ball python bites ye but does nay damage.
Tha ball python misses ye.
Ye barely miss tha ball python.
Tha ball python bites ye but does nay damage.
Tha ball python grabs ye.
Tha ball python constricts ye.
Ye hit tha ball python.
Ye kill tha ball python!
Ye slash tha rat!
Ye kill tha rat!
Nay target in view!
Nay target in view!
Ye start waitin'.
Done waitin'.
Ye see 'ere a ball python corpse.
Ye see 'ere a rat corpse.
Ye now haf 21 gold pieces (gain'd 9).
Thar be a fountain o' clear blue water 'ere.
Found a faded altar o' an unknown god.
Thar be a faded altar o' an unknown god 'ere.
Ye cannae tell which god 'tis altar belongs ta.
Convert ta 'em anyway?
Ru accepts yer prayer!
Ru welcomes ye!
Be ye sure ye want ta abandon 'tis character an' quit tha game? (Confirm wit' "aye".)

#.....### #..#†...#
#.# #...#.#.# ..
#.#.#.#.. .P
#.#...### .
###.##..###
P####..#.#......
###P.....#....>###
#@.≈.....###.#....
###...≈..# #....##
# #.....PPP#
###..## #.
#..P⌠.≈..## #..##
#..###.P..P..#
#....
#............#
#.###
#.....P......####.#
###.##..####.†.†..#
#......# #.######


There were no monsters in sight!

Vanquished Creatures
  A dart slug (D:1)
  3 ball pythons (D:1)
  An endoplasm (D:1)
  2 giant cockroaches (D:1)
  A goblin (D:1)
  4 hobgoblins (D:1)
  2 kobolds (D:1)
  3 rats (D:1)
17 creatures vanquished.

Vanquished Creatures (others)
  A fungus (D:1)
1 creature vanquished.

Grand Total: 18 creatures vanquished

Notes
Turn   | Place    | Note
-------+----------+-------------------------------------------
     0 | D:1      | ProzacElf the Demonspawn Monk began the quest for the Orb.
     0 | D:1      | Reached XP level 1. HP: 18/18 MP: 1/1
   309 | D:1      | Discovered your monstrous ancestry.
   309 | D:1      | Gained mutation: You have sharp fingernails. [demonic
                  | ancestry]
   309 | D:1      | Reached XP level 2. HP: 17/24 MP: 2/2
   620 | D:1      | Found Sogynatu's Jewellery Boutique.
  1026 | D:1      | Found a faded altar of an unknown god.
  1029 | D:1      | Prayed at the altar of an unknown god.
  1029 | D:1      | Became a worshipper of Ru the Awakened
  1030 | D:1      | Quit the game

Illustrated notes

Levels and vault maps discovered:
D:1:      lemuel_arrival_cross, layout_basic, serial_shops, shop,
          shapermc_ecumenical_altar_mp_ritualfount

Skill      XL: |  1 |
---------------+----+-----
Long Blades    | 3 |  3.2
Dodging        | 3 |  3.2
Fighting       | |  3.0
Stealth        | |  1.7

Action                   || total
-------------------------++-------
Melee: Falchion          ||    61
       Punch             ||     1
Armor: Ring mail         ||    12
Dodge: Dodged            ||    42
